 Dungeon Crawl Stone Soup version 0.30-a0-782-ge64f9170bb (console) character file.

Game seed: 15773768964347077321

43 utis the Trooper (level 3, -1/22 HPs)
             Began as a Tengu Wanderer on Mar 15, 2023.
             Slain by a gnoll
             ... wielding a +0 flail
              (4 damage)
             ... on level 1 of the Dungeon.
             The game lasted 00:06:02 (882 turns).

utis the Trooper (Tengu Wanderer)                    Turns: 882, Time: 00:06:03

Health: -1/22      AC:  7    Str: 14    XL:     3   Next: 58%
Magic:  7/7        EV:  9    Int: 14    God:
Gold:   51         SH:  0    Dex: 11    Spells: 3/6 levels left

rFire   . . .      SeeInvis .    k - +0 mace
rCold   . . .      Faith    .    (no shield)
rNeg    . . .      Spirit   .    b - +0 scale mail
rPois   .          Reflect  .    (helmet restricted)
rElec   .          Harm     .    f - +0 cloak
rCorr   .          Rampage  .    (no gloves)
Will    .....                    (boots unavailable) Stlth
                                 (no amulet)
HPRegen 0.23/turn                (no ring)
MPRegen 0.10/turn                (no ring)

@: no status effects
A: beak, talons 3
a: no special abilities


You were on level 1 of the Dungeon.
You visited 1 branch of the dungeon, and saw 2 of its levels.

You collected 51 gold pieces.

Inventory:

Hand Weapons
 a - a +0 club
 e - a +0 whip
 k - a +0 mace (weapon)
Missiles
 m - 7 stones
Armour
 b - a +0 scale mail (worn)
 f - a +0 cloak (worn)
Magical Staves
 h - a staff of conjuration {!a@e1}
Jewellery
 E - a +5 ring of evasion
Scrolls
 d - 2 scrolls of teleportation {@r4}
 g - a scroll of fog {unknown}
 i - a scroll of poison {unknown}
 l - a scroll of fear {unknown}
 n - a scroll of enchant armour {unknown}
Potions
 c - a potion of curing {@q1}
 j - a potion of ambrosia {unknown}


   Skills:
 + Level 2.7 Fighting
 - Level 2.6 Armour
 + Level 1.2 Dodging
 - Level 2.0 Spellcasting
 + Level 0.7 Conjurations
 - Level 2.3 Necromancy
 + Level 0.7 Air Magic
 - Level 1.7 Invocations


You had 3 spell levels left.
You knew the following spells:

 Your Spells              Type           Power      Damage    Failure   Level
t - Static Discharge      Conj/Air       6%         2-3/arc   71%         2
Y - Kiss of Death         Conj/Necr      20%        2d7       45%         1

Your spell library contained the following spells:

 Spells                   Type           Power      Damage    Failure   Level
 Sublimation of Blood     Necr           7%         N/A       50%         2
 Vhi's Electric Charge    Tloc/Air       4%         N/A       94%         3
 Animate Dead             Necr           7%         N/A       98%         4
 Arcjolt                  Conj/Air       1%         1d11      100%        5
 Lightning Bolt           Conj/Air       1%         1d12      100%        5


Dungeon Overview and Level Annotations

Branches:
Dungeon (2/15)

Altars:


Innate Abilities, Weirdness & Mutations

You have a beak for a mouth.
You have claws for feet.


Message History

The adder bites you.
A gnoll comes into view. It is wielding a +0 spear.
The adder misses you.
The gnoll shouts!
You hit the adder.
You kill the adder!
No target in range!
A gnoll comes into view. It is wielding a +0 flail.
The gnoll shouts!
You hear a shout!
Unknown command.
Unknown command.
The endoplasm attacks as you move away! The endoplasm closely misses you.
A gnoll comes into view. It is wielding a +0 spear.
The endoplasm attacks as you move away! The endoplasm hits you.
* * * LOW HITPOINT WARNING * * *
The gnoll attacks as you move away! The gnoll barely misses you.
The gnoll attacks as you move away! The gnoll closely misses you.
There is a stone staircase leading up here.
The gnoll hits you with a +0 flail.
You climb upwards.
There is a stone staircase leading down here.
You barely miss the gnoll. The gnoll hits you with a +0 flail.
* * * LOW HITPOINT WARNING * * *
The gnoll completely misses you.
You closely miss the gnoll. Your peck misses the gnoll.
The gnoll hits you but does no damage.
You hit the gnoll.
The gnoll is heavily wounded.
The gnoll hits you with a +0 flail.
* * * LOW HITPOINT WARNING * * *
The gnoll hits you but does no damage.
You are too injured to fight recklessly!
The gnoll attacks as you move away! The gnoll barely misses you.
The gnoll attacks as you move away! The gnoll closely misses you.
The gnoll attacks as you move away! The gnoll hits you with a +0 flail.
* * * LOW HITPOINT WARNING * * *
You barely miss the gnoll. Your peck misses the gnoll.
The gnoll is heavily wounded.
The gnoll hits you with a +0 flail.
You die...

░.....░...░...............
░.........░...............
░.........................
░........÷.......░░░░░....
░...░░░.........[░ ░....
░................░░░░░....
░................+........
░................░░.......
░....>..gQ................
░......░░░░.........░.....
░......░░..>..............
░......░░.░.........░░░...
░.............░░.......░+░
░░░░..........'.....░░.░.░
░░..........░░.......░.░
░...........░░.....░░...
░░.....░░...........░░...


You could see a gnoll.

Vanquished Creatures
  A gnoll (D:2)
  An adder (D:2)
  2 ball pythons (D:1)
  3 endoplasms (D:1)
  A giant cockroach (D:1)
  4 goblins (D:1)
  5 jackals (D:1)
  A quokka (D:2)
  2 frilled lizards (D:1)
  A kobold (D:1)
  A rat (D:2)
22 creatures vanquished.

Notes
Turn   | Place    | Note
-------+----------+-------------------------------------------
     0 | D:1      | utis the Tengu Wanderer began the quest for the Orb.
     0 | D:1      | utis set off with the following items: a +0 club, a +0
                  | scale mail, a potion of curing {@q1}, a scroll of
                  | teleportation {@r4}; and the following spell memorised:
                  | Kiss of Death; and the following spells available to
                  | memorise: Sublimation of Blood, Animate Dead.
     0 | D:1      | Reached XP level 1. HP: 12/12 MP: 4/4
   269 | D:1      | Reached XP level 2. HP: 15/17 MP: 6/6
   737 | D:2      | Reached XP level 3. HP: 22/22 MP: 7/7
   779 | D:2      | Learned a level 2 spell: Static Discharge
   844 | D:2      | Reached skill level 1 in Dodging
   882 | D:1      | Slain by a gnoll

Illustrated notes

Levels and vault maps discovered:
D:1:      dpeg_arrival_houses_and_road, layout_basic
D:2:      layout_rooms, hellmonk_ecumenical_altar_defaced_shrine, basic_altar

Skill      XL: |  1  2  3 |
---------------+----------+-----
Dodging        | 1 |  1.2
Fighting       | |  2.7
Armour         | |  2.6
Spellcasting   | |  2.0
Conjurations   | |  0.7
Necromancy     | |  2.3
Air Magic      | |  0.7
Invocations    | |  1.7

Action                     || total
---------------------------++-------
  Melee: Whip              ||    33
         Club              ||     7
         Kick              ||    17
         Mace              ||    19
         Peck              ||     4
 Armour: Scale mail        ||    24
  Dodge: Dodged            ||    32

Table legend: (Time is in decaauts)
 A = Elapsed time spent in this place.
 B = Non-inter-level travel time spent in this place.
 C = Inter-level travel time spent in this place.
 D = Time resting spent in this place.
 E = Time spent auto-exploring this place.
 F = Levels seen in this place.
 G = Mean time per level.
                   A        B        C        D        E       F      G
               +--------+--------+--------+--------+--------+-----+--------+
         Total |    894 |    796 |     98 |     48 |    448 |   2 |  447.0 |
       Dungeon |    894 |    796 |     98 |     48 |    448 |   2 |  447.0 |
               +--------+--------+--------+--------+--------+-----+--------+

Top non-repeatable levels by time:
     D:1: 739 daAuts
     D:2: 154 daAuts
